 Dungeon Crawl Stone Soup version 0.31-a0-705-ga145531891 (webtiles) character file.

Game seed: 6240847502193961559

203 HoaS the Shooter (level 5, -1/30 HPs)
             Began as a Tengu Hunter on Sept 9, 2023.
             Was a Follower of Elyvilon.
             Slain by Crazy Yiuf
             ... wielding a +3 quarterstaff of chaos
              (11 damage)
             ... on level 2 of the Dungeon.
             The game lasted 00:07:15 (2549 turns).

HoaS the Shooter (Tengu Hunter)                     Turns: 2549, Time: 00:07:15

Health: -1/30      AC:  4    Str: 12    XL:     5   Next: 81%
Magic:  6/6        EV: 12    Int:  9    God:    Elyvilon [*.....]
Gold:   198        SH:  0    Dex: 19    Spells: 4/4 levels left

rFire   . . .        a - +0 shortbow
rCold   . . .        (shield currently unavailable)
rNeg    . . .        c - +0 leather armour
rPois   .            (helmet restricted)
rElec   .            (no cloak)
rCorr   .            d - +0 pair of gloves
SInv    .            (boots unavailable)
Will    .....        (no amulet)
Stlth   ++           (no ring)
HPRegen 0.25/turn    (no ring)
MPRegen 0.10/turn

%: acrobat
@: no status effects
A: beak, talons 3, acrobatic
a: Renounce Religion, Purification


You were on level 2 of the Dungeon.
You worshipped Elyvilon.
Elyvilon was aware of your devotion.
You visited 1 branch of the dungeon, and saw 4 of its levels.

You collected 198 gold pieces.

Inventory:

Hand Weapons
 a - a +0 shortbow (weapon)
Armour
 c - a +0 leather armour (worn)
 d - a +0 pair of gloves (worn)
Scrolls
 b - a scroll of butterflies
 f - 2 scrolls of identify
 h - a scroll of blinking
Potions
 e - a potion of attraction
 g - a potion of heal wounds


   Skills:
 - Level 2.0 Fighting
 + Level 7.5 Ranged Weapons
 - Level 2.1 Dodging
 - Level 1.0 Stealth


You had 4 spell levels left.
You didn't know any spells.
Your spell library was empty.

Dungeon Overview and Level Annotations

Branches:
Dungeon (4/15)
 Temple: D:4-7

Altars:
Ashenzari
Elyvilon
Hepliaklqana
Trog

Shops:
D:3 =

Annotations:
D:2 Crazy Yiuf


Innate Abilities, Weirdness & Mutations

You have a beak for a mouth.
You have claws for feet.
You can magically evade attacks while moving or waiting.


Message History

You now have 165 gold pieces (gained 10).
You now have 179 gold pieces (gained 14).
You now have 192 gold pieces (gained 13).
You now have 198 gold pieces (gained 6).
There is an open door here.
There is an open door here.
There is an open door here.
As you open the door, it creaks loudly!
There is an open door here.
You see here 5 stones.
Done exploring.
Done exploring.
There is an escape hatch in the ceiling here.
There is a stone staircase leading down here.
You climb downwards.
There is a stone staircase leading up here.
You climb upwards.
There is a stone staircase leading down here.
You see here a +0 club.
There is a stone staircase leading up here.
You climb upwards.
Level annotation: 1 runed translucent door, Crazy Yiuf
There is a stone staircase leading down here.
Crazy Yiuf shouts!
Crazy Yiuf grits, "Liver!"
You open the door. You shoot an arrow. The arrow hits Crazy Yiuf!
Crazy Yiuf is moderately wounded.
Crazy Yiuf hits you with a +3 quarterstaff of chaos!
Crazy Yiuf freezes you.
You shoot an arrow.
The arrow hits Crazy Yiuf but does no damage.
Crazy Yiuf is moderately wounded.
Crazy Yiuf cries, "Mama action mumblescurry!"
Crazy Yiuf hits you with a +3 quarterstaff of chaos.
Crazy Yiuf draws strength from your wounds!
You shoot an arrow. The arrow barely misses Crazy Yiuf.
Crazy Yiuf hits you with a +3 quarterstaff of chaos.
You are electrocuted!
You die...

................[.......#########
..............)..>.......<.......
.....####................#.######
.....# ################...# #
###### ########## #.........
##########♣♣ **### ##########
......#.#..♣♣ ♣♣#..)#
.)..........♣♣♣♣@g...#
.............♣..♣#...#
.......##...♣.♣♣♣**###
.......###♣♣♣♣♣ ........#
...(....#### ### .....#.#...# #.#
.#####.#...# #.# .#
#.#...###.############


You could see Crazy Yiuf.

Vanquished Creatures
  An orc priest (D:3)
  An orc wizard (D:3)
  Robin (D:2)
  5 adders
  An ufetubus (D:3)
  3 dart slugs
  4 orcs (D:3)
  7 ball pythons
  5 endoplasms
  3 giant cockroaches
  11 hobgoblins
  2 kobolds
  3 quokkas
  2 bats (D:1)
  2 frilled lizards
  16 goblins
  5 rats
72 creatures vanquished.

Notes
Turn   | Place    | Note
-------+----------+-------------------------------------------
     0 | D:1      | HoaS the Tengu Hunter began the quest for the Orb.
     0 | D:1      | Reached XP level 1. HP: 12/12 MP: 2/2
   175 | D:1      | Reached XP level 2. HP: 17/17 MP: 3/3
   295 | D:1      | Reached skill level 5 in Ranged Weapons
   562 | D:1      | Found a faded altar of an unknown god.
   826 | D:2      | Reached XP level 3. HP: 21/21 MP: 4/4
  1006 | D:2      | Found a white marble altar of Elyvilon.
  1012 | D:2      | Became a worshipper of Elyvilon the Healer
  1116 | D:2      | Noticed Robin
  1154 | D:2      | Killed Robin
  1169 | D:2      | Reached skill level 6 in Ranged Weapons
  1202 | D:2      | Reached XP level 4. HP: 26/26 MP: 5/5
  1428 | D:2      | Found a runed translucent door.
  1429 | D:2      | Noticed Crazy Yiuf
  1536 | D:3      | Found Potif's One-of-a-Kind Rings.
  1658 | D:3      | Reached * piety under Elyvilon
  1684 | D:3      | Reached XP level 5. HP: 30/30 MP: 6/6
  1788 | D:3      | Found a broken altar of Ashenzari.
  1823 | D:3      | Found a hazy altar of Hepliaklqana.
  1953 | D:3      | Found a bloodstained altar of Trog.
  1960 | D:3      | Reached skill level 7 in Ranged Weapons
  2549 | D:2      | Slain by Crazy Yiuf

Illustrated notes

Levels and vault maps discovered:
D:1:      wander_arrival_desolate, layout_loops_ring,
          hellmonk_ecumenical_altar_crossroads, minmay_misc_feat_columns
D:2:      layout_basic, basic_altar, uniq_robin, uniq_crazy_yiuf_cottage
D:3:      cheibrodos_helix_gallery, layout_basic,
          worldfamousw_hep_ancestral_shrine, mainiacjoe_overflow_24_doors,
          trog_hazing_becter, chequers_serial_rivers_large_b,
          nicolae_shop_unique_rings, st_stairs_3, kennysheep_orc_chapel
D:4:      layout_basic, palyth_temple_overflow_mages,
          mainiacjoe_overflow_boulevard, mainiacjoe_overflow_alcove_4,
          minmay_temple_entry_stoned_glass

Skill      XL: |  1  2  3  4  5 |
---------------+----------------+-----
Ranged Weapons | 5 6 7 |  7.5
Fighting       | |  2.0
Dodging        | |  2.1
Stealth        | |  1.0

Action                     |  1- 3 |  4- 6 || total
---------------------------+-------+-------++-------
   Fire: Shortbow          |    91 |   143 ||   234
    Use: Scroll            |     4 |     2 ||     6
         Potion            |       |     1 ||     1
 Armour: Leather armour    |    10 |    53 ||    63
  Dodge: Dodged            |    26 |    44 ||    70

Table legend: (Time is in decaauts)
 A = Elapsed time spent in this place.
 B = Non-inter-level travel time spent in this place.
 C = Inter-level travel time spent in this place.
 D = Time resting spent in this place.
 E = Time spent auto-exploring this place.
 F = Levels seen in this place.
 G = Mean time per level.
                   A        B        C        D        E       F      G
               +--------+--------+--------+--------+--------+-----+--------+
         Total |   2607 |   2451 |    156 |    154 |   1884 |   4 |  651.8 |
       Dungeon |   2607 |   2451 |    156 |    154 |   1884 |   4 |  651.8 |
               +--------+--------+--------+--------+--------+-----+--------+

Top non-repeatable levels by time:
     D:3: 1022 daAuts
     D:2: 844 daAuts
     D:1: 739 daAuts
     D:4: 1 daAuts
